Map: Para Site LE

Players

Rail

  • Race: Protoss Protoss
  • League: Grandmaster
  • Spawn Location: 5:00

Lambo - Winner!

  • Race: Zerg Zerg
  • League: Grandmaster
  • Spawn Location: 11:00

VOD

Have the link to the VOD?

Description

Time

  • Played on: Dec. 27, 2018, 2:11 p.m.
  • Length: 13:01
Show
View Real Time Build Order
Export as new Build Order

Rail Protoss 

Build Orders: 1 Gate Expand, Oracle Opening, Archon Immortal 

Get SALT Encoding   

  12  0:01  Probe  
  13  0:13  Probe  
  14  0:19  Pylon  
  14  0:24  Probe  
  15  0:33  Probe  
  15  0:38  Gateway  
  15  0:41  Probe  
  17  0:50  Assimilator  
  17  0:52  Probe  
  18  1:04  Probe  
  19  1:22  Nexus  
  19  1:31  Cybernetics Core  
  19  1:33  Probe  
  20  1:41  Assimilator  
  20  1:44  Probe  
  21  1:51  Pylon  
  21  1:52  Probe  
  21  2:00  Probe  
  23  2:09  Stalker  
  23  2:10  Probe  
  26  2:18  Probe  
  27  2:27  Stargate, Probe  
  27  2:30  Probe  
  27  2:36  Warp Gate  
  29  2:39  Probe x2  
  29  2:43  Adept  
  33  2:49  Probe  
  33  2:51  Probe  
  35  3:01  Probe  
  35  3:03  Probe  
  37  3:10  Probe  
  37  3:11  Oracle  
  40  3:15  Probe, Pylon  
  40  3:18  Probe  
  42  3:21  Gateway  
  43  3:27  Probe, Adept  
  43  3:33  Probe  
  47  3:35  Probe, Shield Battery  
  48  3:43  Probe  
  48  3:45  Probe  
  50  3:49  Assimilator  
  50  3:54  Probe  
  50  3:57  Probe  
  50  4:00  Pylon  
  52  4:04  Assimilator  
  52  4:06  Probe  
  52  4:07  Nexus  
  52  4:09  Probe  
  54  4:18  Probe  
  54  4:20  Robotics Facility  
  54  4:23  Robotics Facility, Probe  
  56  4:29  Pylon  
  56  4:36  Probe x2  
  56  4:37  Shield Battery  
  58  4:39  Sentry x2  
  58  4:45  Twilight Council  
  62  4:47  Forge  
  62  4:49  Probe x2  
  64  5:01  Probe x2  
  64  5:05  Pylon  
  66  5:07  Immortal  
  70  5:17  Probe x3  
  70  5:19  Protoss Ground Weapons Level 1  
  70  5:20  Pylon  
  73  5:22  Immortal  
  73  5:25  Probe x2  
  73  5:26  Probe  
  77  5:28  Charge  
  77  5:34  Probe x2  
  80  5:36  Templar Archives, Probe  
  80  5:42  Probe, Assimilator  
  83  5:43  Assimilator  
  83  5:46  Probe  
  83  5:48  Probe  
  87  5:50  Observer, Probe  
  88  5:58  Probe  
  88  6:00  Gateway  
  88  6:01  Gateway  
  88  6:03  Immortal  
  93  6:11  Psionic Storm  
  93  6:14  Gateway  
  93  6:15  High Templar  
  93  6:17  Gateway  
  95  6:21  Pylon  
  95  6:22  Photon Cannon  
  95  6:24  High Templar  
  95  6:25  Warp Prism  
  97  6:32  Pylon  
  99  6:33  Pylon  
  99  6:37  Pylon  
  99  6:39  Protoss Ground Weapons Level 2  
  99  6:40  Gateway  
  99  6:41  Gateway  
  103  6:47  Immortal  
  103  6:57  High Templar x2, Zealot x2  
  103  7:01  Nexus, Blink  
  111  7:02  Pylon  
  111  7:08  Immortal  
  115  7:22  Pylon  
  115  7:24  Shield Battery  
  115  7:26  Photon Cannon  
  115  7:28  High Templar  
  117  7:30  Zealot x2  
  117  7:35  High Templar, Zealot x2  
  127  7:42  Zealot x2  
  127  7:43  Immortal  
  135  7:49  Pylon  
  135  7:55  Stalker  
  135  7:56  Stalker  
  135  7:58  Stalker  
  141  8:02  Stalker x2  
  141  8:04  Stalker  
  147  8:07  Zealot  
  147  8:09  Pylon  
  147  8:12  Stalker  
  151  8:18  Assimilator  
  151  8:22  Probe x3  
  151  8:23  Assimilator  
  154  8:27  Stalker  
  154  8:29  High Templar x2, Zealot  
  154  8:32  Pylon  
  154  8:33  Archon  
  162  8:35  Immortal  
  162  8:37  Stalker  
  162  8:38  Stalker  
  166  8:46  Stalker  
  168  8:53  Stalker x2  
  172  8:56  Stalker  
  174  9:04  Stalker  
  174  9:06  Stalker  
  174  9:09  High Templar  
  180  9:10  Zealot x2  
  180  9:13  Pylon  
  184  9:18  Probe x2  
  184  9:24  Archon x2  
  172  9:25  High Templar  
  172  9:26  High Templar, Zealot  
  172  9:27  Zealot  
  168  9:31  Warp Prism  
  168  9:34  Stalker x2  
  168  9:35  Stalker  
  168  9:38  Observer  
  168  9:39  Gateway x2  
  168  9:40  Probe x2  
  168  9:46  Probe  
  168  9:47  Stalker x2  
  168  9:48  Immortal  
  167  9:58  Stalker x3  
  173  10:03  Stalker x2  
  177  10:07  Stalker  
  179  10:19  Probe  
  160  10:31  Archon  
  160  10:35  Archon  
  148  10:37  Stalker x4  
  148  10:38  Stalker  
  148  10:41  Stalker x2  
  136  10:47  Stalker  
  136  10:49  Stalker  
  122  10:53  Stalker  
  104  11:01  Zealot x2, Stalker  
  104  11:02  Zealot x2  
  80  11:08  Probe x2  
  80  11:10  Probe  
  67  11:14  High Templar x2  
  67  11:15  Stalker x5  
  67  11:16  Zealot  
  67  11:17  Zealot x2  
  86  11:20  Warp Prism  
  86  11:21  Probe x2  
  88  11:26  Probe  
  88  11:29  Immortal  
  93  11:37  Zealot x4  
  93  11:39  Sentry, Zealot x3  
  109  11:41  Zealot  
  109  11:42  Stalker  
  115  11:50  Observer  
  115  11:51  Stalker x3  
  115  11:54  Zealot x2  
  123  12:00  Zealot  
  123  12:01  Zealot  
  128  12:03  Stalker  
  130  12:14  High Templar x2  
  130  12:15  Zealot x4  
  140  12:18  Stalker  
  144  12:24  Stalker  
  144  12:25  Stalker  
  144  12:27  Stalker  
  144  12:28  Archon  
  150  12:39  Zealot x2  
  150  12:40  Probe x2  
  150  12:42  Probe, Zealot  
  150  12:43  Zealot  
  119  12:51  Zealot x3  
  119  12:55  Zealot  
Show
View Real Time Build Order
Export as new Build Order

Lambo Zerg - Winner!

Build Orders: Hatch First, Brood Lord Corruptor 

Get SALT Encoding   

  12  0:01  Drone  
  13  0:12  Overlord  
  13  0:17  Drone  
  14  0:31  Drone x2  
  16  0:47  Hatchery  
  15  0:51  Drone  
  15  0:54  Drone  
  17  0:58  Drone  
  18  1:08  Extractor  
  17  1:13  Spawning Pool  
  17  1:15  Drone  
  17  1:19  Drone  
  18  1:28  Drone  
  19  1:39  Drone  
  20  1:52  Overlord  
  20  2:00  Queen x2  
  20  2:01  Zergling x4  
  26  2:10  Metabolic Boost  
  26  2:11  Drone x2  
  28  2:27  Drone x2  
  30  2:35  Hatchery  
  30  2:36  Drone  
  30  2:38  Drone  
  30  2:43  Drone  
  32  2:45  Drone  
  33  2:53  Overlord  
  33  2:56  Queen  
  35  3:00  Drone  
  35  3:03  Drone  
  36  3:11  Drone  
  36  3:12  Drone  
  38  3:13  Drone x2  
  38  3:14  Overlord  
  38  3:19  Drone  
  42  3:20  Drone x3  
  44  3:32  Spore Crawler  
  44  3:33  Queen  
  45  3:35  Spore Crawler, Drone x2  
  45  3:39  Drone  
  47  3:41  Drone x3  
  47  3:48  Queen  
  50  3:49  Drone  
  50  3:53  Overlord  
  53  3:57  Drone x2  
  53  3:58  Spore Crawler  
  53  3:59  Drone  
  55  4:03  Drone  
  55  4:04  Drone  
  55  4:07  Overlord, Evolution Chamber  
  55  4:08  Drone  
  57  4:13  Overlord  
  57  4:14  Drone  
  58  4:21  Lair  
  58  4:26  Baneling Nest  
  58  4:27  Drone x5  
  58  4:28  Zergling x2  
  58  4:29  Zergling x2  
  63  4:31  Zergling x2  
  63  4:34  Zerg Melee Weapons Level 1  
  64  4:40  Extractor  
  64  4:41  Extractor  
  64  4:43  Zergling x4  
  64  4:44  Overlord  
  64  4:45  Drone x3  
  67  4:49  Drone  
  67  4:51  Overlord, Drone  
  67  4:52  Drone x2  
  71  4:58  Drone  
  72  5:01  Drone  
  72  5:03  Drone x3  
  72  5:06  Drone  
  77  5:11  Hatchery, Drone x3  
  77  5:12  Extractor  
  77  5:13  Overlord  
  77  5:14  Extractor  
  77  5:16  Drone  
  77  5:20  Drone  
  79  5:22  Evolution Chamber, Hydralisk Den  
  79  5:26  Drone x2  
  79  5:28  Extractor  
  78  5:29  Drone  
  78  5:32  Centrifical Hooks  
  78  5:33  Drone x3  
  82  5:37  Overlord  
  82  5:39  Drone x4  
  86  5:43  Overlord  
  86  5:50  Zerg Missile Weapons Level 1  
  86  5:51  Grooved Spines  
  86  5:54  Drone x5  
  91  5:58  Overlord x2  
  91  6:03  Overlord  
  91  6:04  Overlord, Hydralisk x2  
  91  6:07  Drone x2  
  91  6:09  Infestation Pit  
  96  6:13  Drone x3  
  96  6:14  Drone  
  96  6:17  Hydralisk  
  102  6:20  Drone  
  102  6:21  Drone  
  102  6:22  Drone  
  102  6:25  Hydralisk x2  
  105  6:28  Queen  
  105  6:31  Hydralisk x3  
  117  6:36  Zerg Melee Weapons Level 2  
  117  6:39  Extractor  
  116  6:44  Overseer  
  116  6:46  Overlord, Extractor  
  115  6:48  Drone x3  
  115  6:49  Drone  
  115  6:50  Drone x2  
  115  6:51  Drone  
  122  6:55  Hatchery  
  122  6:56  Overlord x2  
  122  6:58  Zergling x4  
  122  6:59  Zergling x4  
  122  7:00  Overlord  
  122  7:01  Zergling x2  
  126  7:02  Zergling x2  
  126  7:03  Muscular Augments, Pneumatized Carapace  
  127  7:13  Hive  
  127  7:15  Drone  
  128  7:16  Spire  
  128  7:17  Hydralisk x2  
  128  7:18  Zergling x8  
  128  7:19  Overlord  
  128  7:20  Zergling x2  
  128  7:21  Zergling x2  
  137  7:23  Hydralisk  
  137  7:24  Zergling x4  
  141  7:34  Hydralisk x2  
  141  7:35  Zergling x16  
  153  7:39  Overlord  
  153  7:42  Zergling x14  
  160  7:45  Baneling x4  
  160  7:52  Zerg Missile Weapons Level 2  
  160  7:56  Overlord  
  160  7:57  Overlord  
  160  8:01  Baneling x4  
  160  8:03  Hydralisk x3  
  160  8:04  Zergling x18  
  175  8:12  Baneling x4  
  175  8:15  Baneling x4  
  175  8:17  Zergling x20  
  185  8:25  Zergling x6  
  188  8:33  Zergling x10  
  193  8:38  Hydralisk x2  
  187  8:44  Hydralisk x5  
  195  8:49  Hydralisk x3  
  195  8:50  Hydralisk  
  195  8:52  Greater Spire  
  195  8:53  Adrenal Glands  
  190  9:09  Overlord x2  
  188  9:16  Corruptor x2  
  178  9:18  Overlord  
  178  9:19  Overlord  
  178  9:22  Overlord  
  163  9:24  Corruptor x5  
  163  9:28  Corruptor  
  169  9:31  Zergling x22  
  177  9:38  Overseer  
  177  9:43  Zergling x14  
  178  10:04  Brood Lord x6  
  178  10:06  Zergling x2, Baneling x7  
  178  10:07  Zergling x18  
  198  10:17  Overlord, Baneling  
  198  10:20  Overlord  
  182  10:28  Zergling x4  
  175  10:32  Zergling x16  
  175  10:34  Zergling x6  
  175  10:35  Zergling x2  
  140  10:43  Hydralisk x3  
  140  10:45  Hydralisk  
  135  10:53  Hydralisk  
  116  10:59  Hydralisk x3  
  109  11:04  Hydralisk x2  
  109  11:15  Hydralisk x4  
  117  11:20  Corruptor x2  
  117  11:22  Baneling x2  
  121  11:26  Corruptor x2  
  121  11:27  Corruptor  
  121  11:28  Overseer  
  121  11:30  Drone x2  
  121  11:31  Drone  
  121  11:32  Drone x3  
  133  11:57  Brood Lord  
  133  11:58  Hatchery  
  133  12:00  Zergling x2  
  133  12:01  Zergling x32  
  151  12:04  Brood Lord  
  153  12:09  Brood Lord  
  155  12:17  Baneling x4  
  155  12:18  Baneling  
  155  12:21  Zergling x18  
  164  12:27  Baneling x9  
  164  12:30  Zergling x6  
  164  12:33  Brood Lord  
  169  12:41  Zergling x2  
  169  12:42  Zergling x6  
  169  12:44  Baneling x3  
Tags
 
Add a new tag
Caveats
  • Supply blocks, unpowered buildings, or Contaminate may cause inaccurate times.
  • Supply counts are checked every 10 seconds.